 Dungeon Crawl Stone Soup version 0.20-a0-1122-gb7cbeb9 (webtiles) character file.

219 Hook the Magician (level 5, 0/31 HPs)
             Began as an Octopode Conjurer on May 13, 2017.
             Slain by Edmund
             ... wielding a +0 flail of protection
              (5 damage)
             ... on level 4 of the Dungeon.
             The game lasted 00:14:29 (4576 turns).

Hook the Magician (Octopode Conjurer)               Turns: 4576, Time: 00:14:30

Health: 0/31       AC:  1    Str:  9    XL:     5   Next: 96%
Magic:  2/11       EV: 15    Int: 17    God:
Gold:   129        SH:  0    Dex: 12    Spells: 6/12 levels left

rFire    . . .     SeeInvis .   (no weapon)
rCold    . . .     Gourm    .   (no shield)
rNeg     . . .     Faith    .   (helmet restricted)
rPois    .         Spirit   .   (no amulet)
rElec    .         Reflect  .   (no ring)
rCorr    .         Harm     .   (no ring)
MR       .....                  (no ring)
Stlth    +++.......             (no ring)
Regen    0.1/turn               (no ring)
MPRegen  0.2/turn               (no ring)
                                (no ring)
                                (no ring)

@: no status effects
A: almost no armour, stealthy swim, amphibious, 8 rings, constrict 8, camouflage
1, gelatinous body 1
a: no special abilities


You were on level 4 of the Dungeon.
You were not hungry.

You visited 1 branch of the dungeon, and saw 4 of its levels.

You collected 129 gold pieces.

Inventory:

Jewellery
 o - an uncursed ring of stealth {unknown}
 u - an uncursed ring of see invisible {unknown}
 v - an uncursed amulet of the gourmand {unknown}
Scrolls
 d - 2 scrolls of blinking {unknown}
 f - 2 scrolls of enchant armour {unknown}
 g - a scroll of recharging {unknown}
 h - a scroll of random uselessness {unknown}
 j - 3 scrolls of identify {unknown}
 k - a scroll of enchant weapon {unknown}
 l - 4 scrolls of remove curse {unknown}
 m - a scroll of immolation {unknown}
 r - a scroll of amnesia {unknown}
Potions
 c - 6 potions of curing {unknown}
 e - a potion of brilliance {unknown}
 p - a potion of cancellation {unknown}
 q - a potion of agility {unknown}
 s - a potion of haste {unknown}
Books
 a - a book of Conjurations

   Spells                             Type                      Level
   a - Magic Dart                     Conjuration                  1
   b - Searing Ray                    Conjuration                  2
   c - Dazzling Spray                 Conjuration/Hexes            3
   d - Fulminant Prism                Conjuration/Hexes            4
   e - Force Lance                    Conjuration/Translocation    4
   f - Iskenderun's Mystic Blast      Conjuration                  4
Comestibles
 b - 3 bread rations
 i - 2 meat rations
 n - 2 fruits
 t - a royal jelly


   Skills:
 * Level 4.2 Dodging
 - Level 2.6 Stealth
 * Level 4.3 Spellcasting
 - Level 4.0 Conjurations


You had 6 spell levels left.
You knew the following spells:

 Your Spells              Type           Power        Failure   Level  Hunger
a - Magic Dart            Conj           ###.         3%          1    None
b - Searing Ray           Conj           ###...       4%          2    ##.....
c - Dazzling Spray        Conj/Hex       ##....       21%         3    ###....


Dungeon Overview and Level Annotations

Branches:
Dungeon (4/15)
 Temple: D:4-7

Altars:
Ru
Uskayaw

Shops:
D:4 (

Annotations:
D:4 Edmund


Innate Abilities, Weirdness & Mutations

You cannot wear most types of armour.
You are very stealthy in the water. (Stealth+)
You are amphibious.
You can wear up to eight rings at the same time.
You can use your tentacles to constrict eight enemies at once.
Your skin changes colour to match your surroundings (Stealth+).
Your rubbery body absorbs attacks. (AC +1, EV +1)


Message History

Press: ? - help, Shift-Dir - straight line, f/p - Edmund
Aim: Edmund, wielding a flail of protection and wearing a ring mail The magic dart hits Edmund.
Edmund completely misses you.
You barely miss Edmund. You grab Edmund. You squeeze Edmund, but do no damage.
You constrict Edmund, but do no damage. Edmund misses you.
You tentacle-slap Edmund but do no damage.
You constrict Edmund, but do no damage.
Edmund hits you with a flail of protection!
* * * LOW HITPOINT WARNING * * *
You tentacle-slap Edmund but do no damage.
You constrict Edmund, but do no damage.
Edmund hits you with a flail of protection.
* * * LOW HITPOINT WARNING * * *
You tentacle-slap Edmund but do no damage.
You constrict Edmund, but do no damage.
You tentacle-slap Edmund but do no damage.
You constrict Edmund, but do no damage. Edmund misses you.
You completely miss Edmund. You constrict Edmund, but do no damage.
Edmund hits you with a flail of protection.
You die...

.#.# ...# #?.# #..# #####
#######..# #...# #........#
#...# #........####...##########
#.......@@..'.............
.###........####...##########
##. ...................#
.....####......#####...#
...............#####...#
.....####............[##########
### #..+#######'...........#
##.#...#...#...#######.#
#.#...#...#.........#.#


You could see Edmund.

Vanquished Creatures
  A howler monkey (D:3)
  An orc wizard (D:4)
  4 adders
  2 worms
  2 dart slugs
  4 leopard geckos (D:3)
  3 orcs (D:3)
  A ball python (D:1)
  5 bats
  3 giant cockroaches
  19 goblins
  12 hobgoblins
  5 jackals
  3 quokkas
  11 frilled lizards
  9 kobolds
  5 rats
90 creatures vanquished.

Notes
Turn   | Place    | Note
-------+----------+-------------------------------------------
     0 | D:1      | Hook the Octopode Conjurer began the quest for the Orb.
     0 | D:1      | Reached XP level 1. HP: 11/11 MP: 3/3
   374 | D:1      | Reached XP level 2. HP: 17/17 MP: 3/5
   757 | D:1      | Reached XP level 3. HP: 11/21 MP: 3/6
  1188 | D:2      | Learned a level 2 spell: Searing Ray
  1338 | D:2      | Learned a level 3 spell: Dazzling Spray
  1576 | D:2      | Found a hide-covered altar of Uskayaw.
  2039 | D:2      | Reached XP level 4. HP: 27/27 MP: 3/8
  2857 | D:3      | Reached XP level 5. HP: 26/31 MP: 0/10
  4275 | D:4      | Found a sacrificial altar of Ru.
  4474 | D:4      | Found Duduopel's Weapon Emporium.
  4552 | D:4      | Noticed Edmund
  4576 | D:4      | Slain by Edmund

Vault maps used:
D:1:      lightli_arrival_chessboard
D:2:      cheibrodos_greedy_goblins, eat_drink_and_be_merry_uskayaw
D:3:      corexii_shack_village
D:4:      tso_metal_star, serial_shops, nicolae_shop_behind_doors, first_bread,
          nicolae_ru_great_annihilating_truth, uniq_edmund

Skill      XL: |  1  2  3  4  5 |
---------------+----------------+-----
Dodging        | 3 4 |  4.2
Spellcasting   | 3 4 |  4.3
Stealth        | |  2.6
Conjurations   | |  4.0

Action                   |  1- 3 |  4- 6 || total
-------------------------+-------+-------++-------
Melee: Unarmed           |    56 |    77 ||   133
       Constrict         |    18 |    20 ||    38
       Tentacles         |     9 |    12 ||    21
 Cast: Magic Dart        |    55 |    58 ||   113
       Searing Ray       |     1 |     3 ||     4
       Dazzling Spray    |       |     2 ||     2
 Stab: Sleeping          |     6 |     6 ||    12
  Eat: Chunk             |     4 |     7 ||    11
       Fruit             |       |     1 ||     1
Armor: Skin              |     1 |     7 ||     8
Dodge: Dodged            |    45 |    55 ||   100
